 Dungeon Crawl Stone Soup version 0.22-a0-429-g97ce8ef (webtiles) character file.

65 Mgcat the Sneak (level 4, 0/30 HPs)
             Began as an Octopode Assassin on May 25, 2018.
             Slain by an adder (5 damage)
             ... on level 3 of the Dungeon.
             The game lasted 00:02:49 (1543 turns).

Mgcat the Sneak (Octopode Assassin)                 Turns: 1543, Time: 00:02:50

Health: 0/30       AC:  1    Str: 11    XL:     4   Next: 13%
Magic:  4/4        EV: 13    Int: 13    God:
Gold:   63         SH:  0    Dex: 13    Spells: 3/3 levels left

rFire    . . .     SeeInvis .   a - +2 dagger
rCold    . . .     Gourm    .   (no shield)
rNeg     . . .     Faith    +   (helmet restricted)
rPois    .         Spirit   .   l - amulet of faith {Faith, !P}
rElec    .         Reflect  .   (no ring)
rCorr    .         Harm     .   (no ring)
MR       .....                  (no ring)
Stlth    ++++......             (no ring)
HPRegen  0.10/turn              (no ring)
MPRegen  0.09/turn              (no ring)
                                (no ring)
                                (no ring)

@: lethally poisoned (0 -> -9)
A: almost no armour, stealthy swim, amphibious, 8 rings, constrict 8, camouflage
1, gelatinous body 1
a: no special abilities


You were on level 3 of the Dungeon.
You were not hungry.

You visited 1 branch of the dungeon, and saw 3 of its levels.

You collected 63 gold pieces.

Inventory:

Hand Weapons
 a - a +2 dagger (weapon)
 b - a +0 blowgun
Missiles
 c - 27 poisoned needles
 d - 2 curare-tipped needles
Jewellery
 l - an amulet of faith (around mantle) {Faith, !P}
   (You found it on level 2 of the Dungeon)
Scrolls
 e - a scroll of remove curse {unknown}
 i - a scroll of blinking {unknown}
 j - 2 scrolls of identify {unknown}
 m - 3 scrolls of fog {unknown}
 o - a scroll of enchant weapon {unknown}
 p - a scroll of enchant armour {unknown}
 q - a scroll of magic mapping {unknown}
Potions
 h - a potion of flight {unknown}
 k - a potion of resistance {unknown}
 n - a potion of curing {unknown}
Comestibles
 f - 4 rations


   Skills:
 + Level 2.9 Fighting
 + Level 2.9 Short Blades
 - Level 2.0 Throwing
 - Level 1.0 Dodging
 + Level 6.2 Stealth


You had 3 spell levels left.
You didn't know any spells.
Your spell library was empty.

Dungeon Overview and Level Annotations

Branches:
Dungeon (3/15)

Altars:


Innate Abilities, Weirdness & Mutations

You cannot wear most types of armour.
You are very stealthy in the water. (Stealth+)
You are amphibious.
You can wear up to eight rings at the same time.
You can use your tentacles to constrict eight enemies at once.
Your skin changes colour to match your surroundings (Stealth+).
Your rubbery body absorbs attacks. (AC +1, EV +1)


Message History

You constrict the kobold. The kobold barely misses you.
You hit the kobold.
You kill the kobold!
No target in view!
No target in view!
Key pressed, stopping explore.
Found a stone staircase leading down.
Some of the chunks of flesh in your inventory have rotted away.
All of the chunks of flesh in your inventory have rotted away.
Key pressed, stopping explore.
Done exploring.
Done exploring.
Done exploring.
Done exploring.
Done exploring.
Done exploring.
Done exploring.
Done exploring.
Done exploring.
Done exploring.
Done exploring.
(D) Dungeon
Where to? (Enter - D:2, ? - help)
What level of the Dungeon? (default 1, ? - help)
You see here a runed long sword.
There is a stone staircase leading down here.
You climb downwards.
There is a stone staircase leading up here.
There is a stone staircase leading up here.
A hobgoblin comes into view.
The hobgoblin shouts!
You hear an angry hiss.
You hit the hobgoblin. Your grab misses the hobgoblin.
The hobgoblin is severely wounded.
A quokka comes into view.
You barely miss the hobgoblin. You grab the hobgoblin.
The hobgoblin is severely wounded.
You constrict the hobgoblin, but do no damage.
The hobgoblin hits you.
You barely miss the hobgoblin.
You kill the hobgoblin!
You hit the quokka. Your grab misses the quokka.
The quokka is lightly wounded.
The quokka completely misses you.
You hit the quokka. Your grab misses the quokka.
Your squeeze misses the quokka.
The quokka is severely wounded.
The quokka closely misses you.
You hit the quokka but do no damage. You grab the quokka.
You squeeze the quokka, but do no damage.
The quokka is severely wounded.
You constrict the quokka. The quokka bites you.
You hit the quokka.
You kill the quokka!
No target in view!
No target in view!
An adder comes into view.
An orc comes into view. It is wielding a falchion of freezing.
There are monsters nearby!
You completely miss the orc.
The adder hisses angrily.
You grab the orc. You squeeze the orc.
The orc is heavily wounded.
You constrict the orc, but do no damage.
You hit the orc but do no damage.
The orc is heavily wounded.
You constrict the orc, but do no damage.
The orc hits you with a falchion of freezing.
The orc freezes you.
You are too injured to fight recklessly!
You are too injured to fight recklessly!
You are too injured to fight recklessly!
You release your grip on the orc.
You barely miss the orc. Your grab misses the orc.
You squeeze the orc, but do no damage.
The orc is heavily wounded.
The adder bites you.
You closely miss the orc. You grab the orc.
The orc is heavily wounded.
You constrict the orc, but do no damage.
The orc splashes around in the water.
The adder bites you.
You are poisoned.
The adder poisons you!
You hit the orc but do no damage. You squeeze the orc.
The orc is severely wounded.
You constrict the orc, but do no damage.
You feel sick. The adder bites you.
You are more poisoned.
The adder poisons you!
The orc hits you with a falchion of freezing.
* * * LOW HITPOINT WARNING * * *
The orc freezes you.
* * * LOW HITPOINT WARNING * * *
You hit the orc.
You kill the orc!
You hear a splash. x2
* * * LOW HITPOINT WARNING * * *
You feel sick. The adder closely misses you.
* * * LOW HITPOINT WARNING * * *
You feel sick. The adder bites you.
You die...

... ... . ... .?####
#.# ....##.# ♣♣. ...#.#
#+## ≈P≈.♣♣...# ##...##
≈≈≈.≈PP..######.....##
≈≈≈.≈P≈)S@..##.......##
≈≈≈.≈≈≈♣♣...#.........#
≈≈≈.≈≈≈ ♣♣..+.........+
≈≈≈.≈P≈ ♣♣.#.........#
≈≈≈.≈≈≈ ♣..#.<.....#
≈≈≈.≈≈≈ ♣♣..#.....##
♣≈≈.≈≈≈ ♣♣.##...##
♣≈≈.≈≈≈ ♣.###+## ≈.#


You could see an adder.

Vanquished Creatures
  An adder (D:2)
  A dart slug (D:1)
  A leopard gecko (D:1)
  An orc (D:3)
  A ball python (D:1)
  7 bats
  3 giant cockroaches
  6 goblins
  9 hobgoblins
  7 kobolds
  A quokka (D:3)
  3 frilled lizards (D:2)
  6 rats
47 creatures vanquished.

Notes
Turn   | Place    | Note
-------+----------+-------------------------------------------
     0 | D:1      | Mgcat the Octopode Assassin began the quest for the Orb.
     0 | D:1      | Reached XP level 1. HP: 14/14 MP: 1/1
   147 | D:1      | You fall through a shaft!
   161 | D:2      | Reached XP level 2. HP: 19/19 MP: 2/2
   327 | D:2      | HP: 4/19 [adder (5)]
   331 | D:2      | HP: 1/20 [hobgoblin (1)]
   579 | D:2      | Reached XP level 3. HP: 20/25 MP: 3/3
   892 | D:1      | Reached skill level 6 in Stealth
  1282 | D:2      | Reached XP level 4. HP: 29/30 MP: 4/4
  1541 | D:3      | HP: 7/30 [orc/falchion of freezing (2)]
  1543 | D:3      | Slain by an adder

Vault maps used:
D:1:      shiori_shiawase, hex_large
D:3:      corexii_shack_village, serial_bayou, serial_bayou_lagoon_b,
          serial_bayou_pond_c, serial_bayou_pond_d, serial_bayou_shore_b,
          minmay_item_behind_shaft, uniq_sigmund

Skill      XL: |  1  2  3 |
---------------+----------+-----
Stealth        | 6 |  6.2
Fighting       | |  2.9
Short Blades   | |  2.9
Throwing       | |  2.0
Dodging        | |  1.0

Action                   |  1- 3 |  4- 6 || total
-------------------------+-------+-------++-------
Melee: Dagger            |    68 |    19 ||    87
       Constrict         |    16 |     6 ||    22
       Tentacles         |     7 |     6 ||    13
 Stab: Sleeping          |    21 |       ||    21
  Eat: Chunk             |     1 |     1 ||     2
Armor: Skin              |    10 |       ||    10
Dodge: Dodged            |    22 |     7 ||    29

Table legend:
 A = Spawn XP
 B = Non-spawn XP
 C = Spawn XP percentage of total XP
 D = Spawn monster count
 E = Non-spawn monster count
 F = Spawn count percentage of total count
 G = Total turns spent on level
                    A         B        C        D         E        F      G
               +---------+---------+-------+---------+---------+-------+---------
         Total |       0 |      93 |   0.0 |       0 |      47 |   0.0 |  1543
               +---------+---------+-------+---------+---------+-------+---------
           D:1 |       0 |      38 |   0.0 |       0 |      21 |   0.0 |   645
           D:2 |       0 |      48 |   0.0 |       0 |      23 |   0.0 |   872
           D:3 |       0 |       7 |   0.0 |       0 |       3 |   0.0 |    26
               +---------+---------+-------+---------+---------+-------+---------

Vault maps used:
D:1:      shiori_shiawase, hex_large
D:3:      corexii_shack_village, serial_bayou, serial_bayou_lagoon_b,
          serial_bayou_pond_c, serial_bayou_pond_d, serial_bayou_shore_b,
          minmay_item_behind_shaft, uniq_sigmund

Table legend:
 A = Turns spent in this place as a percentage of turns spent in the entire game.
 B = Non-inter-level travel turns spent in this place as a percentage of non-inter-level travel turns spent in the entire game.
 C = Inter-level travel turns spent in this place as a percentage of turns spent in this place.
 D = Turns resting spent in this place as a percentage of non-inter-level travel turns spent in this place.
 E = Turns spent auto-exploring this place as a percentage of non-inter-level travel turns spent in this place.
 F = Non-inter-level travel turns spent in this place divided by the number of levels of this place that you've seen.
                   A       B       C       D       E      F
               +-------+-------+-------+-------+-------+----------------------
         Total | 100.0 | 100.0 |   2.7 |   0.0 |  80.4 | 500.7
       Dungeon | 100.0 | 100.0 |   2.7 |   0.0 |  80.4 | 500.7
               +-------+-------+-------+-------+-------+----------------------

Table legend:
 A = Kills in this place as a percentage of kills in entire the game.
 B = Kills by you in this place as a percentage of kills by you in the entire game.
 C = Kills by friends in this place as a percentage of kills by friends in the entire game.
 D = Other kills in this place as a percentage of other kills in the entire game.
 E = Experience gained in this place as a percentage of experience gained in the entire game.
 F = Experience gained in this place divided by the number of levels of this place that you have seen.
                   A       B       C       D       E      F
               +-------+-------+-------+-------+-------+----------------------
         Total | 100.0 | 100.0 |   N/A |   N/A | 100.0 |  31.0
       Dungeon | 100.0 | 100.0 |   N/A |   N/A | 100.0 |  31.0
               +-------+-------+-------+-------+-------+----------------------
